 Dungeon Crawl Stone Soup version 0.21-a0-634-gaf8bc5d (webtiles) character file.

590 sithsevirus the Skirmisher (level 7, -3/90 HPs)
             Began as a Gnoll Wanderer on Dec 29, 2017.
             Was an Initiate of Okawaru.
             Slain by a gnoll
             ... wielding a +0 spear
              (8 damage)
             ... on level 5 of the Dungeon.
             The game lasted 00:18:08 (4929 turns).

sithsevirus the Skirmisher (Gnoll Wanderer)         Turns: 4929, Time: 00:18:09

Health: -3/90      AC:  3    Str: 24    XL:     7   Next: 38%
Magic:  10/10      EV: 14    Int: 16    God:    Okawaru [......]
Gold:   334        SH:  0    Dex: 13    Spells: 10/10 levels left

rFire    . . .     SeeInvis .   m - -1 flail (curse)
rCold    . . .     Gourm    .   (no shield)
rNeg     . . .     Faith    .   y - +0 leather armour (curse)
rPois    .         Spirit   .   (no helmet)
rElec    .         Reflect  .   (no cloak)
rCorr    .         Harm     .   (no gloves)
MR       +....                  (no boots)
Stlth    ..........             (no amulet)
HPRegen  0.25/turn              r - +3 ring of strength
MPRegen  0.12/turn              l - ring of protection from magic

@: berserking, lethally poisoned (-3 -> -4), very quick
A: distributed training, fangs 1, strong nose
a: Renounce Religion


You were on level 5 of the Dungeon.
You worshipped Okawaru.
Okawaru was noncommittal.
You were hungry.

You visited 1 branch of the dungeon, and saw 5 of its levels.

You collected 334 gold pieces.

Inventory:

Hand Weapons
 a - a +1 hunting sling
 b - a +0 falchion
 h - a +0 trident of pain
 m - a cursed -1 flail (weapon)
 q - a cursed -3 short sword
Missiles
 e - 180 stones
 f - 9 javelins
 p - 9 poisoned needles
 s - 2 tomahawks (quivered)
Armour
 i - a +3 ring mail of fire resistance
 y - a cursed +0 leather armour (worn)
Jewellery
 c - an uncursed ring of positive energy
 l - a ring of protection from magic (right hand)
 r - a +3 ring of strength (left hand)
Scrolls
 g - 6 scrolls of immolation
 k - a scroll of enchant weapon
 u - a scroll of teleportation
 w - a scroll of fog
Potions
 j - a potion of resistance
 v - a potion of mutation {unknown}
 z - a potion of flight {unknown}
Books
 n - a book of Debilitation

   Spells                             Type                      Level
   a - Corona                         Hexes                        1
   b - Slow                           Hexes                        2
   c - Inner Flame                    Hexes/Fire                   3
   d - Portal Projectile              Hexes/Translocation          3
   e - Cause Fear                     Hexes                        4
   f - Leda's Liquefaction            Hexes/Earth                  4
Comestibles
 d - 7 rations
 t - a chunk of flesh


   Skills:
 + Level 7.0 Fighting
 + Level 2.4 Short Blades
 + Level 3.5 Long Blades
 + Level 2.4 Axes
 + Level 2.4 Maces & Flails
 + Level 2.4 Polearms
 + Level 2.4 Staves
 + Level 2.4 Slings
 + Level 2.4 Bows
 + Level 2.4 Crossbows
 + Level 2.4 Throwing
 + Level 5.2 Armour
 + Level 5.2 Dodging
 + Level 3.4 Stealth
 + Level 3.5 Shields
 + Level 2.4 Unarmed Combat
 + Level 2.4 Spellcasting
 + Level 2.0 Conjurations
 + Level 2.0 Hexes
 + Level 2.0 Charms
 + Level 2.0 Summonings
 + Level 2.0 Necromancy
 + Level 2.0 Translocations
 + Level 2.0 Transmutations
 + Level 2.0 Fire Magic
 + Level 2.0 Ice Magic
 + Level 2.0 Air Magic
 + Level 2.0 Earth Magic
 + Level 2.0 Poison Magic
 + Level 2.6 Invocations
 + Level 2.4 Evocations


You had 10 spell levels left.
You didn't know any spells.

Dungeon Overview and Level Annotations

Branches:
Dungeon (5/15)
 Temple: D:4-7

Altars:
Fedhas
Makhleb
Okawaru
Qazlal
Uskayaw
Xom
Zin


Innate Abilities, Weirdness & Mutations

Your experience applies equally to all skills.
You have very sharp teeth.
Your uncanny sense of smell can sniff out nearby items.


Message History

Your Earth Magic skill increases to level 2!
Your Poison Magic skill increases to level 2!
You are feeling hungry.
You feel sick. The gnoll barely misses you. The gnoll closely misses you.
The gnoll hits you with a spear.
* * * LOW HITPOINT WARNING * * *
There is an open door here.
Things that are here:
a club; a tomahawk; a gnoll corpse You completely miss the gnoll.
You feel sick. The gnoll barely misses you.
The gnoll hits you but does no damage.
You bludgeon the gnoll!!
You kill the gnoll!
Okawaru accepts your kill. The gnoll hits you with a spear.
* * * LOW HITPOINT WARNING * * *
You hit the gnoll.
The gnoll is almost dead.
The gnoll hits you with a spear!
You die...

***#...................,,,,,* *,
#....######,.......,,***,* ** #
#....##.# *,......,,,***,* *** #
#.......#####....,,,,,,*,* *,,
####...###'#...#...,,,,,,,*+***,*
#......#.......#..,,,,,,,,,,,**,*
#.###.##..)....#.#*,,,,,,,,,,**,*
#.#,..##.......#.#**,..,,,,,,**,*
#.#.####.......#@##,...,,,,,,+,,*
..#.***####....g).#....,,,,,,****
###,,,,,,,#.###(.......#***+**
*****###*,#.#......##+## *,*
,,,,,.....#g.......#*,,****,*
,****,,#.............#,,,,,,*
,******#h####.#.(..#.#,***,,****
,*,,,,,.,***#......#.#,,,,,,,,,*
,*,******,,,#......#,#,,,,*,**,*


You could see a gnoll.

Vanquished Creatures
  A sky beast (D:2)
  A howler monkey (D:4)
  3 hounds (D:4)
  2 orc priests
  3 worker ants (D:4)
  8 adders
  6 gnolls
  2 oozes (D:2)
  2 dart slugs
  4 leopard geckos
  8 orcs
  11 bats
  8 giant cockroaches
  13 goblins
  10 hobgoblins
  6 kobolds
  A quokka (D:2)
  10 frilled lizards
  A jackal skeleton (D:4)
  8 rats
108 creatures vanquished.

Notes
Turn   | Place    | Note
-------+----------+-------------------------------------------
     0 | D:1      | sithsevirus the Gnoll Wanderer began the quest for the Orb.
     0 | D:1      | sithsevirus set off with: a +2 scale mail, a +0 falchion, a potion of curing, a ration
     0 | D:1      | Reached XP level 1. HP: 23/23 MP: 1/1
   184 | D:1      | Reached XP level 2. HP: 29/29 MP: 2/2
   643 | D:1      | Reached XP level 3. HP: 35/35 MP: 3/3
   995 | D:2      | Reached skill level 1 in Invocations
  1046 | D:2      | Reached skill level 1 in Short Blades
  1046 | D:2      | Reached skill level 1 in Axes
  1046 | D:2      | Reached skill level 1 in Maces & Flails
  1046 | D:2      | Reached skill level 1 in Polearms
  1046 | D:2      | Reached skill level 1 in Staves
  1046 | D:2      | Reached skill level 1 in Slings
  1046 | D:2      | Reached skill level 1 in Bows
  1046 | D:2      | Reached skill level 1 in Crossbows
  1046 | D:2      | Reached skill level 1 in Throwing
  1046 | D:2      | Reached skill level 1 in Unarmed Combat
  1046 | D:2      | Reached skill level 1 in Spellcasting
  1046 | D:2      | Reached skill level 1 in Evocations
  1074 | D:2      | Reached XP level 4. HP: 28/41 MP: 5/5
  1764 | D:3      | Noticed a sky beast
  1767 | D:3      | Reached skill level 1 in Conjurations
  1767 | D:3      | Reached skill level 1 in Hexes
  1767 | D:3      | Reached skill level 1 in Charms
  1767 | D:3      | Reached skill level 1 in Summonings
  1767 | D:3      | Reached skill level 1 in Necromancy
  1767 | D:3      | Reached skill level 1 in Translocations
  1767 | D:3      | Reached skill level 1 in Transmutations
  1767 | D:3      | Reached skill level 1 in Fire Magic
  1767 | D:3      | Reached skill level 1 in Ice Magic
  1767 | D:3      | Reached skill level 1 in Air Magic
  1767 | D:3      | Reached skill level 1 in Earth Magic
  1767 | D:3      | Reached skill level 1 in Poison Magic
  2034 | D:2      | Killed a sky beast
  2034 | D:2      | Reached XP level 5. HP: 19/47 MP: 5/7
  2257 | D:3      | Reached XP level 6. HP: 23/53 MP: 8/8
  2542 | D:3      | Found an iron altar of Okawaru.
  2550 | D:3      | Became a worshipper of Warmaster Okawaru
  2584 | D:3      | Found a stormy altar of Qazlal.
  2732 | D:3      | Found a hide-covered altar of Uskayaw.
  3028 | D:4      | Found a transporter.
  3029 | D:4      | Found a transporter.
  3033 | D:4      | Found a shimmering altar of Xom.
  3033 | D:4      | Found a glowing silver altar of Zin.
  3034 | D:4      | Found a blossoming altar of Fedhas.
  3098 | D:4      | Reached skill level 5 in Armour
  3098 | D:4      | Reached skill level 5 in Dodging
  3903 | D:4      | Reached XP level 7. HP: 36/59 MP: 10/10
  4449 | D:4      | Reached skill level 7 in Fighting
  4547 | D:4      | Found a burning altar of Makhleb.
  4831 | D:5      | Entered Level 5 of the Dungeon
  4929 | D:5      | Slain by a gnoll

Vault maps used:
D:1:      erik_arrival_cave_to_civilisation, interstate_on_off
D:2:      minmay_wonky_spiral, first_ration
D:3:      lemuel_round_altar, lemuel_doored_altar,
          nicolae_overflow_crystal_walls
D:4:      kb_forest_paths, gammafunk_temple_overflow_arena,
          makhleb_blood_cavern_becter
D:5:      serial_shops, shop_fountains, uniq_duvessa

Skill      XL: |  1  2  3  4  5  6  7 |
---------------+----------------------+-----
Invocations    | 1 2 |  2.6
Short Blades   | 1 2 |  2.4
Axes           | 1 2 |  2.4
Maces & Flails | 1 2 |  2.4
Polearms       | 1 2 |  2.4
Staves         | 1 2 |  2.4
Slings         | 1 2 |  2.4
Bows           | 1 2 |  2.4
Crossbows      | 1 2 |  2.4
Throwing       | 1 2 |  2.4
Unarmed Combat | 1 2 |  2.4
Spellcasting   | 1 2 |  2.4
Evocations     | 1 2 |  2.4
Conjurations   | 1 2 |  2.0
Hexes          | 1 2 |  2.0
Charms         | 1 2 |  2.0
Summonings     | 1 2 |  2.0
Necromancy     | 1 2 |  2.0
Translocations | 1 2 |  2.0
Transmutations | 1 2 |  2.0
Fire Magic     | 1 2 |  2.0
Ice Magic      | 1 2 |  2.0
Air Magic      | 1 2 |  2.0
Earth Magic    | 1 2 |  2.0
Poison Magic   | 1 2 |  2.0
Long Blades    | 3 |  3.5
Shields        | 3 |  3.5
Stealth        | 3 |  3.4
Armour         | 5 |  5.2
Dodging        | 5 |  5.2
Fighting       | 7 |  7.0

Action                   |  1- 3 |  4- 6 |  7- 9 || total
-------------------------+-------+-------+-------++-------
Melee: Falchion          |   100 |   109 |       ||   209
       Bite              |     8 |    32 |     6 ||    46
       Flail             |       |   117 |    64 ||   181
       Trident           |       |    14 |       ||    14
       Punch             |       |     1 |     1 ||     2
Throw: Stone             |     4 |     2 |       ||     6
       Javelin           |       |     2 |       ||     2
       Tomahawk          |       |       |     3 ||     3
  Use: Potion            |       |     1 |     1 ||     2
       Scroll            |       |     7 |     3 ||    10
 Stab: Sleeping          |       |     2 |     2 ||     4
  Eat: Chunk             |       |    10 |     3 ||    13
Armor: Scale mail        |    28 |       |       ||    28
       Ring mail         |    14 |   118 |    20 ||   152
       Leather armour    |       |       |     1 ||     1
Dodge: Dodged            |    87 |   211 |    65 ||   363
       Rpst.: Falchion   |    21 |    33 |       ||    54

Table legend:
 A = Spawn XP
 B = Non-spawn XP
 C = Spawn XP percentage of total XP
 D = Spawn monster count
 E = Non-spawn monster count
 F = Spawn count percentage of total count
 G = Total turns spent on level
                    A         B        C        D         E        F      G
               +---------+---------+-------+---------+---------+-------+---------
         Total |       0 |     843 |   0.0 |       0 |     108 |   0.0 |  4929
               +---------+---------+-------+---------+---------+-------+---------
           D:1 |       0 |      43 |   0.0 |       0 |      25 |   0.0 |   905
           D:2 |       0 |     227 |   0.0 |       0 |      35 |   0.0 |  1312
           D:3 |       0 |      94 |   0.0 |       0 |      19 |   0.0 |   703
           D:4 |       0 |     434 |   0.0 |       0 |      25 |   0.0 |  1911
           D:5 |       0 |      45 |   0.0 |       0 |       4 |   0.0 |    98
               +---------+---------+-------+---------+---------+-------+---------
